[Event "Romanian Championship Open 2025"]
[Site "Craiova"]
[Date "2025.02.19"]
[Round "5.8"]
[White "Parligras, Mircea-Emilian"]
[Black "Sava, Robert-Gabriel"]
[Result "0-1"]
[Annotator "TA"]
[ECO "D45"]
[WhiteElo "2528"]
[BlackElo "2183"]
[PlyCount "90"]
[EventDate "2025.02.12"]
[EventType "swiss"]
[EventCountry "ROU"]
[SourceTitle "playchess.com"]
[Source "ChessBase"]
[SourceQuality "1"]
[TimeControl "40/5400+30:900+30"]

1. d4 d5 2. c4 c6 3. Nc3 Nf6 4. e3 e6 5. Nf3 Nbd7 6. Be2 Bd6 7. b3 O-O 8. Bb2 Qe7 9. O-O b6 {[%emt 0:00:27][%cal Bb7b6,Bb6b5][%mdl 32] D45: Semi-Slav: 5 e3.} 10. a4 a6 11. Qc2 Bb7 {[%emt 0:00:38] The position is equal.} 12. a5 b5 13. c5 Bc7 14. b4 e5 15. dxe5 Nxe5 16. Nxe5 Bxe5 17. f4 $146 ({Predecessor:} 17. Bd3 Rae8 18. g3 Bc8 19. Ne2 Ng4 20. Bxh7+ Kh8 21. Bxe5 Nxe5 22. Bf5 Bxf5 23. Qxf5 {0-1 Tabatabaei,M (2613)-Smirnov,A (2600) Junior Speed Final blitz 2021 (1.22)}) 17... Bc7 18. Rf3 Ne4 (18... Rfe8 $14) 19. Nxe4 dxe4 20. Rf2 Rad8 21. g4 Rd5 22. g5 Rfd8 (22... Bc8 $142) 23. Qc3 Qf8 24. h4 Bc8 25. Rg2 (25. Re1 $142) 25... Bf5 ({Black should try} 25... Rd2) 26. h5 Rd3 27. Bxd3 Rxd3 28. Qe1 Qd8 29. Kh2 Qd5 30. Ra3 {[%emt 0:01:16] aiming for Rxd3.} g6 (30... Kf8 $16) 31. hxg6 hxg6 32. Kg3 $2 {[%emt 0:07:53] [#]} (32. Rxd3 $1 $16 exd3 33. Bf6 (33. Qc3 Kf8 $14)) 32... Kf8 $2 {[%emt 0:06:08][%mdl 8192] Black is more active.} (32... Bxf4+ $1 $17 {keeps the pressure on.} 33. Kxf4 Bh3 (33... Rd1 $2 34. Qh4 $18)) 33. Rh2 $18 Rd1 34. Qc3 ({White should play} 34. Bf6 $18 Ke8 (34... Bxf4+ $2 35. exf4 Rd3+ 36. Rxd3 $18) 35. Qe2) 34... Ke7 $11 35. Ra1 Rd3 36. Qf6+ {[%emt 0:00:07] Counterplay Black} Kd7 {[%emt 0:00:05] The board is on fire.} 37. Re1 Qb3 38. Bc1 Qxb4 39. Qxf7+ Kc8 40. Rh8+ (40. Rf1 $11 {remains equal.}) 40... Kb7 $17 41. Kf2 Qxc5 {[%emt 0:04:14][%csl Od3] Strong Square Black (d3)} 42. Rh7 $2 (42. Qa2 $17) 42... Rd7 $19 ({Don't blunder} 42... Qc2+ $2 43. Re2 $18) 43. Qg8 Bxa5 44. Reh1 {[%emt 0:02:38] [#]} (44. Rxd7+ $19 Bxd7 45. Rf1) 44... Qc2+ $1 45. Kg3 Qe2 {[%emt 0:00:18] What a bad dream for White.   Weighted Error Value: White=0.48/Black=0.30  Loses game:     	White=1     	Black=1      Missed win:     	White=1     	---        Mistake:       	White=4     	Black=4      Inaccurate:     	---       	Black=2      OK:         	White=9     	Black=11     Best:        	White=3     	Black=5      Strong:       	---       	Black=1} 0-1

[Event "Romanian Championship Open 2025"]
[Site "Craiova"]
[Date "2025.02.19"]
[Round "5.9"]
[White "Ghimpu, Samuel-Timotei"]
[Black "Negrean, Andrei"]
[Result "1/2-1/2"]
[Annotator "TA"]
[ECO "B90"]
[WhiteElo "2456"]
[BlackElo "2224"]
[PlyCount "82"]
[EventDate "2025.02.12"]
[EventType "swiss"]
[EventCountry "ROU"]
[SourceTitle "playchess.com"]
[Source "ChessBase"]
[SourceQuality "1"]
[TimeControl "40/5400+30:900+30"]

1. e4 c5 2. Nf3 d6 3. d4 Nf6 4. Nc3 cxd4 5. Nxd4 a6 6. Be3 e5 7. Nb3 Be6 8. h3 {[%emt 0:00:14] B90: Sicilian Najdorf: Unusual White 6th moves, 6 Be3 Ng4 and 6 Be3 e5.} Nc6 9. Qd2 d5 10. exd5 {[%emt 0:02:57] The position is equal.} Nxd5 11. Nxd5 Qxd5 12. Qxd5 Bxd5 13. O-O-O Be6 14. Nc5 Bxc5 15. Bxc5 f6 $146 (15... Rd8 16. Bd3 Rd5 17. Bb6 f5 18. Rhe1 Kf7 19. g4 g6 20. c3 Rc8 21. Kb1 Kf6 {1-0 Narva,M (2355)-Kulaots,K (2527) EST Masters Tornelo INT rapid 2022 (1.2)}) 16. Be2 Kf7 17. b3 Rac8 18. Bf3 f5 19. Kb2 e4 20. Be2 Rhd8 21. a3 Ne7 {[%emt 0:04:34][%cal Bc6e7,Be7g6,Bg6e5,Be5d3][%mdl 32] [#] And now ...Rxd1 would win.} 22. Bd4 Rd7 23. c4 {[%emt 0:07:47] White has a queen side majority} Ng6 24. Be3 {[%emt 0:01:24] Prevents Nf4} Rcd8 25. Kc3 (25. Rxd7+ {simplifies} Rxd7 26. g3 Ne5 27. Kc3) 25... Ne5 26. Bb6 Rxd1 27. Rxd1 Rxd1 28. Bxd1 $14 {[%emt 0:00:01][%mdl 4096] Endgame KBB-KBN} Nd3 29. h4 {[%emt 0:01:35] White is better.} Ke7 30. g3 Kd6 31. Bd4 g6 32. a4 Kc6 33. b4 b5 34. cxb5+ axb5 35. f3 Nc1 36. Bc5 Bc4 37. fxe4 Ne2+ 38. Bxe2 Bxe2 39. exf5 gxf5 40. a5 Kb7 41. Kd4 h5 {[%emt 0:17:21] Weighted Error Value: White=0.07 (flawless) /Black=0.12 (very precise)   Inaccurate:     	White=2     	Black=4      OK:         	White=15    	Black=7      Best:        	White=2     	---} 1/2-1/2

[Event "Romanian Championship Open 2025"]
[Site "Craiova"]
[Date "2025.02.19"]
[Round "5.10"]
[White "Bida, Mihai-Eugen"]
[Black "Prisacaru, Stefan-Emilian"]
[Result "0-1"]
[Annotator "RC"]
[ECO "D38"]
[WhiteElo "2413"]
[BlackElo "2212"]
[PlyCount "132"]
[EventDate "2025.02.12"]
[EventType "swiss"]
[EventCountry "ROU"]
[SourceTitle "playchess.com"]
[Source "ChessBase"]
[SourceQuality "1"]
[TimeControl "40/5400+30:900+30"]

1. d4 d5 2. c4 e6 3. Nf3 Nf6 4. cxd5 exd5 5. Nc3 Nbd7 6. Bg5 Bb4 7. e3 c5 8. Bd3 Qa5 9. Qc2 c4 10. Bf5 O-O 11. O-O g6 12. Bh3 Kg7 13. a3 Bxc3 14. bxc3 Ne4 15. Be7 Re8 16. Bb4 Qc7 17. a4 Ndf6 18. Bxc8 Raxc8 19. a5 Re6 20. Ne5 Nd7 21. Nf3 Rce8 22. Nd2 Ndf6 23. Nxe4 Rxe4 24. h3 h5 25. Rfe1 Qd7 26. Bc5 Nh7 27. Qd2 Qe6 28. Qe2 Ng5 29. Qf1 f5 30. Reb1 f4 31. exf4 Rxf4 32. Re1 Re4 33. Rxe4 Nxe4 34. Bb4 Nd2 35. Qd1 Nb3 36. Ra2 Qe4 37. Rb2 Qd3 38. Qb1 Qxb1+ 39. Rxb1 Re2 40. Kf1 Rc2 41. Re1 Nd2+ 42. Kg1 Ne4 43. f3 Nxc3 44. Bxc3 Rxc3 45. Re7+ Kf6 46. Rxb7 Rd3 47. Rxa7 Rxd4 48. Rc7 Rd2 49. g4 hxg4 50. fxg4 g5 51. Rc6+ Ke5 52. h4 Ra2 53. a6 c3 54. Rxc3 gxh4 55. Rh3 Kf4 56. Rd3 Ke4 57. Rh3 Kf4 58. Rd3 Ke4 59. Rh3 d4 60. Kf1 d3 61. Ke1 Kd4 62. Rxh4 Kc3 63. Rh6 Ra1+ 64. Kf2 d2 65. Rc6+ Kb4 66. Rb6+ Kc5 0-1

[Event "Romanian Championship Open 2025"]
[Site "Craiova"]
[Date "2025.02.19"]
[Round "5.11"]
[White "Secheres, Adrian-Simion"]
[Black "Tanasie, Cosmin"]
[Result "1-0"]
[Annotator "RC"]
[ECO "A44"]
[WhiteElo "2350"]
[BlackElo "2198"]
[PlyCount "105"]
[EventDate "2025.02.12"]
[EventType "swiss"]
[EventCountry "ROU"]
[SourceTitle "playchess.com"]
[Source "ChessBase"]
[SourceQuality "1"]
[TimeControl "40/5400+30:900+30"]

1. d4 c5 2. d5 e5 3. e4 d6 4. Ne2 Be7 5. Nec3 Bg5 6. Nd2 Bxd2+ 7. Bxd2 Nf6 8. Bb5+ Nbd7 9. a4 O-O 10. O-O Ne8 11. Qe2 Qe7 12. Nd1 g6 13. Ra3 Ng7 14. Bh6 a6 15. Bd3 Nf6 16. Bg5 Ngh5 17. g3 Bh3 18. Re1 Rfe8 19. f3 Bc8 20. Qd2 b6 21. Nf2 Ng7 22. Bh4 Rf8 23. Bf1 Nge8 24. Qh6 Kh8 25. f4 Rg8 26. Bg5 Qf8 27. Qh4 Nd7 28. Bh3 Qg7 29. f5 f6 30. Bh6 Qe7 31. fxg6 Rxg6 32. Bf5 Rg8 33. g4 Nf8 34. Rh3 Ng6 35. Qg3 b5 36. a5 Bd7 37. Kh1 Ra7 38. Qf3 Rb7 39. Rg1 Qf7 40. Nd1 Ng7 41. Ne3 Ra7 42. Rf1 Ne8 43. Rh5 Rb7 44. Ng2 Ng7 45. Rh3 Ne8 46. Rg3 Qe7 47. g5 Bxf5 48. exf5 Nf4 49. g6 hxg6 50. Bxf4 exf4 51. Nxf4 g5 52. Rh3+ Kg7 53. Ne6+ 1-0

[Event "Romanian Championship Open 2025"]
[Site "Craiova"]
[Date "2025.02.19"]
[Round "5.12"]
[White "Dascalescu, Adelin-Stefan"]
[Black "Filip, Andrei"]
[Result "0-1"]
[Annotator "RC"]
[ECO "D00"]
[WhiteElo "2045"]
[BlackElo "2320"]
[PlyCount "76"]
[EventDate "2025.02.12"]
[EventType "swiss"]
[EventCountry "ROU"]
[SourceTitle "playchess.com"]
[Source "ChessBase"]
[SourceQuality "1"]
[TimeControl "40/5400+30:900+30"]

1. d4 Nf6 2. Nf3 g6 3. Nc3 d5 4. Bf4 Bg7 5. Nb5 Na6 6. e3 O-O 7. h3 Ne4 8. Nd2 c6 9. Nxe4 dxe4 10. Nc3 c5 11. Bxa6 cxd4 12. exd4 bxa6 13. Be3 e6 14. Qd2 Bb7 15. Na4 Bc6 16. Nc5 Qb6 17. c3 Rfd8 18. Qc2 Rab8 19. b3 Rbc8 20. Rc1 Ba8 21. O-O Qc6 22. Qe2 Qb5 23. Qc2 e5 24. c4 Qa5 25. d5 Rxc5 26. Bxc5 Qxc5 27. Qxe4 f5 28. Qh4 Rd7 29. Rfd1 a5 30. Qg3 Qc7 31. b4 Bh6 32. Rc2 Bxd5 33. Re1 Be4 34. Rce2 Bd2 35. Rxe4 fxe4 36. Rxe4 Bxb4 37. Qg4 Qd6 38. Kh2 Rf7 0-1

[Event "Romanian Championship Open 2025"]
[Site "Craiova"]
[Date "2025.02.19"]
[Round "5.13"]
[White "Cosma, Ioan"]
[Black "Voiteanu, Gabriel"]
[Result "0-1"]
[Annotator "RC"]
[ECO "D02"]
[WhiteElo "2286"]
[BlackElo "2159"]
[PlyCount "72"]
[EventDate "2025.02.12"]
[EventType "swiss"]
[EventCountry "ROU"]
[SourceTitle "playchess.com"]
[Source "ChessBase"]
[SourceQuality "1"]
[TimeControl "40/5400+30:900+30"]

1. Nf3 d5 2. g3 Nf6 3. Bg2 c5 4. O-O Nc6 5. d4 cxd4 6. Nxd4 e5 7. Nxc6 bxc6 8. c4 Be7 9. Nc3 e4 10. cxd5 cxd5 11. Bg5 Be6 12. Bxf6 Bxf6 13. Qa4+ Qd7 14. Qxd7+ Kxd7 15. Rfd1 Bxc3 16. bxc3 Ke7 17. f3 f5 18. c4 dxc4 19. fxe4 Rad8 20. Kf2 Rxd1 21. Rxd1 Rb8 22. exf5 Bxf5 23. Rd5 Bb1 24. Ra5 c3 25. Rxa7+ Kd8 26. Bh3 Bg6 27. Rd7+ Ke8 28. Rc7 c2 29. e4 Bxe4 30. Ke3 Bg6 31. Bg4 Rd8 32. h4 Rd3+ 33. Kf4 Rd4+ 34. Kg5 Bd3 35. Rc8+ Ke7 36. Rc7+ Kd6 0-1

[Event "Romanian Championship Open 2025"]
[Site "Craiova"]
[Date "2025.02.19"]
[Round "5.14"]
[White "Danila, Tudor-Gabriel"]
[Black "Coicev, Matei-Andrei"]
[Result "0-1"]
[Annotator "RC"]
[ECO "B11"]
[WhiteElo "2136"]
[BlackElo "2286"]
[PlyCount "90"]
[EventDate "2025.02.12"]
[EventType "swiss"]
[EventCountry "ROU"]
[SourceTitle "playchess.com"]
[Source "ChessBase"]
[SourceQuality "1"]
[TimeControl "40/5400+30:900+30"]

1. e4 c6 2. Nc3 d5 3. Nf3 Bg4 4. h3 Bxf3 5. Qxf3 e6 6. Be2 d4 7. Nb1 Bd6 8. d3 Ne7 9. O-O c5 10. g3 Nbc6 11. Nd2 Qd7 12. Qg2 O-O-O 13. a3 Kb8 14. Nc4 Bc7 15. b4 cxb4 16. axb4 Nxb4 17. Bd2 Nec6 18. Rfb1 a5 19. e5 Nd5 20. Bf3 Nxe5 21. Nxe5 Bxe5 22. Rxa5 Qc6 23. Ra2 Rd7 24. Qf1 Rc8 25. Rb3 Qc5 26. Qb1 Rc6 27. Rab2 Qa7 28. Qe1 f6 29. Bg2 Ra6 30. Rb1 g6 31. f4 Bc7 32. Kh2 Rdd6 33. c4 dxc3 34. Bxc3 Kc8 35. Qe4 Ra4 36. Qf3 b6 37. Be1 Ra2 38. Bf2 Qa4 39. Kg1 Rc2 40. f5 gxf5 41. Qh5 Qa2 42. Bxd5 exd5 43. Qxf5+ Kb7 44. Rb4 Rdc6 45. Kg2 Rxf2+ 0-1

[Event "Romanian Championship Open 2025"]
[Site "Craiova"]
[Date "2025.02.19"]
[Round "5.15"]
[White "Nastase, Robert-Paul"]
[Black "Sprincean, Lukas George"]
[Result "1-0"]
[Annotator "RC"]
[ECO "A03"]
[WhiteElo "2259"]
[BlackElo "2134"]
[PlyCount "85"]
[EventDate "2025.02.12"]
[EventType "swiss"]
[EventCountry "ROU"]
[SourceTitle "playchess.com"]
[Source "ChessBase"]
[SourceQuality "1"]
[TimeControl "40/5400+30:900+30"]

1. d3 d5 2. f4 c5 3. Nf3 g6 4. g3 Bg7 5. Bg2 Nc6 6. O-O d4 7. c3 Nh6 8. e4 dxe3 9. Qe2 Bf5 10. Ne1 Ng4 11. Na3 O-O 12. h3 Nf2 13. Bxe3 Nxh3+ 14. Kh2 Qd7 15. Rf3 f6 16. g4 Bxg4 17. Bxh3 Bxf3 18. Qxf3 f5 19. Bxc5 Rfe8 20. Nc4 Rac8 21. a4 Qc7 22. Ba3 Rcd8 23. Ng2 a6 24. a5 e5 25. Re1 Nxa5 26. Nxe5 Nb3 27. d4 Nd2 28. Qd1 Bxe5 29. fxe5 Nc4 30. Qb3 Kh8 31. Kh1 Nd2 32. Qd1 Nc4 33. Qf3 b5 34. e6 Nd2 35. Qf4 Qxf4 36. Nxf4 Ne4 37. e7 Rb8 38. Nd5 Rb7 39. Bg2 b4 40. Bxb4 a5 41. Ba3 Nf2+ 42. Kg1 Ng4 43. Nf6 1-0

[Event "Romanian Championship Open 2025"]
[Site "Craiova"]
[Date "2025.02.19"]
[Round "5.16"]
[White "Nastore, Pavel-Alexandru"]
[Black "Korcsek, Alexandru-David"]
[Result "1-0"]
[Annotator "RC"]
[ECO "E06"]
[WhiteElo "2250"]
[BlackElo "2127"]
[PlyCount "123"]
[EventDate "2025.02.12"]
[EventType "swiss"]
[EventCountry "ROU"]
[SourceTitle "playchess.com"]
[Source "ChessBase"]
[SourceQuality "1"]
[TimeControl "40/5400+30:900+30"]

1. d4 d5 2. Nf3 Nf6 3. g3 e6 4. Bg2 c5 5. O-O Nc6 6. c4 Be7 7. dxc5 Bxc5 8. Nc3 Be7 9. Qc2 dxc4 10. e4 Nb4 11. Qe2 Qd3 12. Qxd3 Nxd3 13. Nd2 Bd7 14. Nxc4 Rc8 15. Ne3 Bc6 16. Rd1 Nxc1 17. Raxc1 Bc5 18. Nc4 O-O 19. Ne5 Be8 20. a3 a6 21. h3 Ba7 22. Nd3 Bc6 23. e5 Nd5 24. Nxd5 Bxd5 25. Bxd5 exd5 26. Nb4 Rxc1 27. Rxc1 Bd4 28. Nd3 Re8 29. Rc7 b6 30. Rc6 a5 31. Rd6 f6 32. exf6 Bxf6 33. Kf1 Rb8 34. Rxd5 Kf7 35. a4 Ke7 36. Ke2 Rc8 37. Ke3 Rc6 38. b3 h6 39. h4 Re6+ 40. Kf3 Rc6 41. Rb5 Kd6 42. Ke4 Kc7 43. Nf4 Bd8 44. h5 Kd6 45. Rd5+ Ke7 46. g4 Bc7 47. Ng6+ Ke6 48. f3 Rc3 49. Rb5 Rc1 50. Nh4 Re1+ 51. Kd3 Rd1+ 52. Ke2 Rc1 53. Nf5 Kf6 54. Ne3 Ke6 55. Nc4 Rc3 56. Nxb6 Bxb6 57. Rxb6+ Ke5 58. Rb5+ Kf4 59. Rxa5 Rxb3 60. Rf5+ Kg3 61. a5 Ra3 62. Kd2 1-0

[Event "Romanian Championship Open 2025"]
[Site "Craiova"]
[Date "2025.02.19"]
[Round "5.17"]
[White "Nedelcu, Teodor-Cosmin"]
[Black "Dumitrescu, Daniel"]
[Result "1-0"]
[Annotator "RC"]
[ECO "D31"]
[WhiteElo "2320"]
[BlackElo "2038"]
[PlyCount "85"]
[EventDate "2025.02.12"]
[EventType "swiss"]
[EventCountry "ROU"]
[SourceTitle "playchess.com"]
[Source "ChessBase"]
[SourceQuality "1"]
[TimeControl "40/5400+30:900+30"]

1. d4 d5 2. c4 e6 3. Nc3 a6 4. cxd5 exd5 5. Bf4 Nf6 6. e3 Bd6 7. Bg3 O-O 8. Bd3 Re8 9. Qc2 Nc6 10. Nge2 Nb4 11. Qd2 Nxd3+ 12. Qxd3 Bg4 13. f3 Bh5 14. O-O Bg6 15. Qd2 c6 16. Rfe1 Re6 17. Bxd6 Rxd6 18. Ng3 Qd7 19. Rad1 Rd8 20. Na4 Qc8 21. Qb4 h5 22. Nc5 b5 23. Ne2 Qa8 24. Qa5 Nd7 25. Nb7 Qxb7 26. Qxd8+ Kh7 27. Nf4 Rf6 28. Nh3 Bf5 29. Ng5+ Kg6 30. f4 Bg4 31. Qg8 Kf5 32. Qxg7 Bxd1 33. Qh7+ Rg6 34. Qxf7+ Rf6 35. Qh7+ Rg6 36. Rxd1 Qc8 37. Qxh5 Nf6 38. g4+ Nxg4 39. Nh7+ Ke4 40. Qxg6+ Kf3 41. Ng5+ Kxe3 42. Qd3+ Kxf4 43. Nh3# 1-0

[Event "Romanian Championship Open 2025"]
[Site "Craiova"]
[Date "2025.02.19"]
[Round "5.18"]
[White "Harabor, David-Alexandru"]
[Black "Manea, Alexandru"]
[Result "1/2-1/2"]
[Annotator "RC"]
[ECO "D14"]
[WhiteElo "1929"]
[BlackElo "2272"]
[PlyCount "21"]
[EventDate "2025.02.12"]
[EventType "swiss"]
[EventCountry "ROU"]
[SourceTitle "playchess.com"]
[Source "ChessBase"]
[SourceQuality "1"]
[TimeControl "40/5400+30:900+30"]

1. d4 d5 2. c4 c6 3. cxd5 cxd5 4. Nc3 Nf6 5. Nf3 Nc6 6. Bf4 Bf5 7. e3 e6 8. Be2 Bd6 9. Bxd6 Qxd6 10. O-O O-O 11. h3 1/2-1/2

[Event "Romanian Championship Open 2025"]
[Site "Craiova"]
[Date "2025.02.19"]
[Round "5.19"]
[White "Bonte, Andrei-Mihai"]
[Black "Tamas, Christian-Arrydan"]
[Result "1/2-1/2"]
[Annotator "RC"]
[ECO "D30"]
[WhiteElo "2237"]
[BlackElo "2016"]
[PlyCount "307"]
[EventDate "2025.02.12"]
[EventType "swiss"]
[EventCountry "ROU"]
[SourceTitle "playchess.com"]
[Source "ChessBase"]
[SourceQuality "1"]
[TimeControl "40/5400+30:900+30"]

1. d4 Nf6 2. c4 e6 3. Nf3 c5 4. a3 d5 5. dxc5 Bxc5 6. e3 a5 7. Be2 O-O 8. O-O Qe7 9. Nc3 Rd8 10. Qc2 dxc4 11. Bxc4 Nbd7 12. e4 Ng4 13. Bf4 Bd6 14. Bxd6 Qxd6 15. Rfd1 Qc5 16. Bb5 b6 17. Rd2 Ra7 18. Rad1 Rc7 19. h3 Ngf6 20. Qa4 Rf8 21. Bxd7 Bxd7 22. Rxd7 Rxd7 23. Rxd7 b5 24. Qd4 Nxd7 25. Qxd7 b4 26. Qb5 Rc8 27. axb4 Qxb5 28. Nxb5 Rb8 29. Nbd4 Rxb4 30. b3 e5 31. Nc6 Rxb3 32. Nxa5 Rb1+ 33. Kh2 Rb2 34. Kg3 Re2 35. Nc4 Rxe4 36. Ncxe5 f6 37. Nd3 Kf7 38. h4 h5 39. Kh3 g6 40. g3 Ra4 41. Kg2 Ra3 42. Nfe1 Rc3 43. Nf4 Ra3 44. Kf1 Ra2 45. Ned3 Rc2 46. Ne1 Ra2 47. Neg2 Rb2 48. Ne3 Ra2 49. Kg2 Ra3 50. Kf3 Ra2 51. Nd3 Ra4 52. Nc5 Ra5 53. Nb3 Ra4 54. Nc5 Ra5 55. Ne4 Ra3 56. Ke2 Ra4 57. Kd3 Ra2 58. Nd5 f5 59. Ng5+ Kg7 60. Ke3 Ra3+ 61. Kf4 Ra2 62. f3 Rg2 63. Ke3 Ra2 64. Kf4 Rg2 65. Ne6+ Kf7 66. Nd8+ Kg7 67. Ne6+ Kf7 68. Ng5+ Kg7 69. Nh3 Rd2 70. Nc3 Rc2 71. Nb5 Kf6 72. Ke3 Rh2 73. Nf4 g5 74. hxg5+ Kxg5 75. Nd4 h4 76. gxh4+ Rxh4 77. Nfe6+ Kf6 78. Nc5 Ke5 79. Nd7+ Kd5 80. Nb6+ Kc5 81. Na4+ Kd5 82. Nc3+ Ke5 83. Nce2 f4+ 84. Kd3 Rh6 85. Nb3 Ra6 86. Nd2 Rd6+ 87. Kc3 Rd8 88. Nc4+ Kf5 89. Nd4+ Kf6 90. Kd3 Re8 91. Ne2 Kg5 92. Nc3 Re1 93. Nd2 Re3+ 94. Kd4 Kf5 95. Nce4 Re1 96. Kd5 Re3 97. Nd6+ Kg6 98. N2c4 Rd3+ 99. Ke6 Rxf3 100. Ne5+ Kh5 101. Nxf3 Kg4 102. Nd2 f3 103. Ke5 f2 104. Nf1 Kf3 105. Nf5 Ke2 106. N5g3+ Kd3 107. Kd5 Kc3 108. Ne2+ Kb4 109. Nd4 Ka5 110. Kc6 Ka6 111. Nb5 Ka5 112. Nc7 Kb4 113. Kd5 Ka5 114. Kc5 Ka4 115. Nd5 Ka5 116. Nb4 Ka4 117. Nc6 Kb3 118. Kd4 Ka4 119. Kc4 Ka3 120. Nd4 Ka4 121. Nb3 Ka3 122. Kc3 Ka4 123. Kc4 Ka3 124. Nc5 Kb2 125. Kd4 Ka2 126. Kd3 Kb2 127. Kd2 Ka2 128. Kc2 Ka3 129. Kc3 Ka2 130. Nd3 Ka3 131. Nb2 Ka2 132. Nc4 Kb1 133. Kd2 Ka1 134. Kc1 Ka2 135. Kc2 Ka1 136. Ncd2 Ka2 137. Nb1 Ka1 138. Na3 Ka2 139. Nb5 Ka1 140. Kb3 Kb1 141. Nc3+ Kc1 142. Nd5 Kd1 143. Kc3 Ke2 144. Nde3 Kf3 145. Kd3 Kf4 146. Kd4 Kg5 147. Ke5 Kg6 148. Nd5 Kf7 149. Kf5 Ke8 150. Ke6 Kd8 151. Kd6 Ke8 152. Kc7 Kf7 153. Kd7 Kf8 154. Ke6 1/2-1/2

[Event "Romanian Championship Open 2025"]
[Site "Craiova"]
[Date "2025.02.19"]
[Round "5.20"]
[White "Daianu, Cristian-Clement"]
[Black "Barbu, Simon-Alexandru"]
[Result "1-0"]
[Annotator "ChessBase"]
[ECO "B12"]
[WhiteElo "2214"]
[BlackElo "2023"]
[PlyCount "71"]
[EventDate "2025.02.12"]
[EventType "swiss"]
[EventCountry "ROU"]
[SourceTitle "playchess.com"]
[Source "ChessBase"]
[SourceQuality "1"]
[TimeControl "40/5400+30:900+30"]

1. e4 c6 2. d4 d5 3. f3 dxe4 4. fxe4 e5 5. Nf3 Bg4 6. c3 Nd7 7. Bd3 Bd6 8. O-O Ngf6 9. Nbd2 b5 10. Qe1 O-O 11. Qh4 Rb8 12. Kh1 c5 13. a4 a6 14. axb5 axb5 15. Ra6 Rb6 16. Bxb5 Rxa6 17. Bxa6 cxd4 18. cxd4 Qb6 19. Bd3 Rc8 20. dxe5 Nxe5 21. Nxe5 Bxe5 22. Nc4 Qe6 23. Nxe5 Qxe5 24. Bg5 Qd6 25. Bxf6 Qxd3 26. Re1 Qd2 27. Bc3 g5 28. Qg3 Qf4 29. Qd3 Rf8 30. Rf1 Qc7 31. Qd4 f6 32. h3 Be2 33. Rxf6 Rd8 34. Rg6+ Kf8 35. Qf6+ Ke8 36. Rg8+ 1-0

[Event "Romanian Championship Open 2025"]
[Site "Craiova"]
[Date "2025.02.19"]
[Round "5.21"]
[White "Leu, Dragos Stefan"]
[Black "Vasile, Matei"]
[Result "1-0"]
[Annotator "ChessBase"]
[ECO "B38"]
[WhiteElo "2180"]
[BlackElo "1993"]
[PlyCount "73"]
[EventDate "2025.02.12"]
[EventType "swiss"]
[EventCountry "ROU"]
[SourceTitle "playchess.com"]
[Source "ChessBase"]
[SourceQuality "1"]
[TimeControl "40/5400+30:900+30"]

1. e4 c5 2. Nf3 Nc6 3. d4 cxd4 4. Nxd4 g6 5. c4 Bg7 6. Be3 d6 7. Nc3 Bd7 8. Be2 Nf6 9. f3 Nxd4 10. Qxd4 O-O 11. Qd2 a5 12. b3 Bc6 13. Rc1 Nd7 14. h4 h5 15. O-O Nc5 16. Rfd1 Qc8 17. Nd5 Bxd5 18. cxd5 b6 19. Bb5 Ra7 20. Rc4 Qb8 21. Qc2 f5 22. a3 fxe4 23. fxe4 Kh7 24. Rc1 Bh6 25. Bxh6 Kxh6 26. b4 axb4 27. axb4 Na6 28. Ra1 Qb7 29. Qa2 e5 30. Bxa6 Qf7 31. Qd2+ Kg7 32. Rac1 Re7 33. Rc6 Qf6 34. Rf1 Qxh4 35. Rxf8 Kxf8 36. Qh6+ Ke8 37. Qxg6+ 1-0

[Event "Romanian Championship Open 2025"]
[Site "Craiova"]
[Date "2025.02.20"]
[Round "6.1"]
[White "Gavrilescu, David"]
[Black "Magold, Filip"]
[Result "1-0"]
[Annotator "TA"]
[ECO "B07"]
[WhiteElo "2543"]
[BlackElo "2431"]
[PlyCount "89"]
[EventDate "2025.02.12"]
[EventType "swiss"]
[EventCountry "ROU"]
[SourceTitle "playchess.com"]
[Source "ChessBase"]
[SourceQuality "1"]
[TimeControl "40/5400+30:900+30"]

1. e4 d6 2. d4 Nf6 3. Nc3 g6 4. Be3 c6 5. h3 Nbd7 6. f4 b5 {[%emt 0:00:17] B07: Pirc Defence: Miscellaneous Systems.} 7. Bd3 b4 8. Nce2 Bb7 {[%emt 0:04:59] White has an edge.} 9. c3 $146 ({Predecessor:} 9. c4 bxc3 10. bxc3 c5 11. d5 Bg7 12. Nf3 O-O 13. c4 Qa5+ 14. Bd2 Qa3 15. Bc3 Nxd5 16. Bxg7 {1-0 Caruana,F (2805)-Onyshchuk,V (2619) Titled Tuesday intern op 21st May Late blitz 2024 (7)}) 9... Bg7 10. cxb4 a5 11. Nf3 axb4 12. O-O O-O 13. Ng3 c5 14. Re1 cxd4 {[%emt 0:01:22][%csl Od4] Black has a strong passed pawn} 15. Bxd4 Nc5 (15... e5 16. fxe5 Nxe5 17. Nxe5 dxe5 18. Bc5 $15) 16. Bc2 Qc7 17. Qd2 Ne6 18. Be3 Rfc8 19. Rac1 Qa5 (19... Rxa2 $2 20. Bb3 (20. Qxb4 Nc5 $11) 20... Qa5 21. Rxc8+ Bxc8 22. Bxa2 Qxa2 23. f5 $18 (23. Qxb4 Qa6 $18)) 20. Bb1 Nc5 (20... Rxc1 21. Rxc1 b3 22. axb3 Qxd2 23. Nxd2 Bh6) 21. Bd4 Bh6 22. Ng5 Nfd7 23. Nf5 Bf8 $2 ({Black should try} 23... gxf5 $19 24. exf5 Bxg5 25. fxg5 b3 26. Qxa5 (26. Bc3 $2 Qb6 $17) 26... Rxa5 27. axb3 Nxb3) 24. e5 dxe5 25. fxe5 Ne6 {[%emt 0:00:15] Wards off Qf4} (25... gxf5 26. Bxf5 Bg7 (26... h6 $2 27. e6 $18) 27. Bxh7+ Kh8 28. Qf2 $18 (28. Nxf7+ $2 Kxh7 29. Qf4 Qxa2 $19)) 26. Nxe6 fxe6 27. Ng3 (27. Nh6+ $11 {was preferable.} Bxh6 28. Qxh6 Rxc1 29. Qxc1 (29. Rxc1 Qd5 $11)) 27... Rxc1 $15 28. Rxc1 Rd8 {[%emt 0:01:09][%csl Oe5] Black attacks a weakness} 29. Qe3 Bg7 30. Re1 {[%emt 0:01:42] [#]} Bxe5 $1 31. Bxe5 Qxe5 32. Be4 Bxe4 33. Nxe4 (33. Qxe4 {simplifies} Qxe4 34. Rxe4 b3 35. axb3 Nc5 36. Re3) 33... Qxb2 34. Ng5 Nf8 35. Nxe6 Rd2 36. Nxf8 {[%emt 0:00:44] Black must now prevent Qe6+.} Rxg2+ 37. Kf1 Qxa2 (37... Kxf8 $2 {too greedy.} 38. Qf3+ (38. Qxe7+ Kg8 $18) 38... Kg8 39. Qxg2 $18) (37... Rh2 $11 {remains equal.} 38. Qe6+ Kh8 (38... Kxf8 $2 39. Qxe7+ Kg8 40. Qd8+ Kg7 41. Qc7+ Kh6 42. Qf4+ Kh5 43. Re5+ $18) 39. Qe5+ (39. Qxe7 $2 Rh1#) 39... Qxe5 40. Rxe5 Kg8) 38. Ne6 $1 $16 {[%emt 0:01:09] Really sharp!} Rc2 {[%emt 0:00:32] [#]} ({Don't blunder} 38... Rh2 $2 39. Qf3 $18) 39. Qe5 {[%emt 0:00:35][%csl Ge6][%cal Re5g7] Repels Qd5} Qa6+ $2 (39... Qc4+ $16 40. Kg1 Qc3 41. Qb8+ Qc8 42. Qxb4 Qa8) 40. Kg1 $18 Qb6+ {[%emt 0:00:00] [#]} 41. Re3 $1 Kf7 42. Ng5+ Kg8 43. Qd5+ (43. Qxe7 $142 Rc1+ 44. Kf2 Rc2+ 45. Ke1 Rc1+ 46. Kd2 Rc7 47. Qe8+ (47. Qd8+ Kg7 $18) 47... Kg7 48. Ne6+ Qxe6 49. Qxe6) 43... e6 44. Qa8+ Kg7 45. Nxe6+ {[%emt 0:00:07] Weighted Error Value: White=0.28 (precise) /Black=0.62  Loses game:     	---       	Black=1      Missed win:     	---       	Black=1      Mistake:       	White=2     	Black=1      Inaccurate:     	White=4     	Black=1      OK:         	White=9     	Black=12     Best:        	White=4     	Black=4      Strong:       	White=1     	---} 1-0